 Dungeon Crawl Stone Soup version 0.29.1-1-gd02db6906a (webtiles) character file.

Game seed: 18279987083581480562

148292 juncz the Carver (level 17, -6/196 (199) HPs)
             Began as a Gnoll Ice Elementalist on Sept 25, 2022.
             Was an Initiate of Gozag.
             Hit by a silver javelin thrown by a merfolk javelineer (13 damage)
             ... on level 3 of the Shoals on Sept 26, 2022.
             The game lasted 03:56:48 (47624 turns).

juncz the Carver (Gnoll Ice Elementalist)          Turns: 47624, Time: 03:56:49

HP:   -6/196 (199)  AC: 28    Str: 11    XL:     17   Next: 48%
MP:   9/34          EV:  2    Int: 21    God:    Gozag
Gold: 394           SH:  5    Dex: 14    Spells: 3/42 levels left

rFire   + . .      SeeInvis .   h - staff of cold
rCold   + . .      Faith    .   (no shield)
rNeg    . . .      Spirit   .   (body armour currently unavailable)
rPois   +          Reflect  +   (helmet currently unavailable)
rElec   .          Harm     .   (cloak currently unavailable)
rCorr   .          Rampage  .   (gloves currently unavailable)
Will    +....      NoTele   +   (boots currently unavailable)
Stlth   +++++.....              U - amulet of Makhleb's Reproof {Reflect Drain rPois rF+ Str+3 SH+5}
HPRegen 0.42/turn               Q - ring of wizardry
MPRegen 0.24/turn               x - ring of wizardry

@: tree-form, studying 3 skills, lightly drained
A: stationary, stasis, torment immunity, boosted hp, (fangs 1), strong nose,
distributed training
a: Renounce Religion, Potion Petition, Call Merchant, Bribe Branch


You were on level 3 of the Shoals.
You worshipped Gozag.
Gozag was aware of your devotion.
You were a tree.
You visited 6 branches of the dungeon, and saw 28 of its levels.
You also visited: Bailey and Gauntlet.

You collected 8096 gold pieces.
You spent 5884 gold pieces at shops.
You paid 1818 gold pieces to Gozag.

Inventory:

Hand Weapons
 B - the +10 short sword of Nightmares {speed, Str+4 Dex+3}
   (You found it on level 6 of the Dungeon)

   Attacks with this weapon are significantly faster.
   Str:       It affects your strength (+4).
   Dex:       It affects your dexterity (+3).
 O - the +8 war axe of the Grave {flame, Contam Fly Str+7 SInv}
   (You found it on level 4 of the Shoals)

   It burns those it strikes, dealing additional fire damage.
   Big, fiery blades are also staple armaments of hydra-hunters.
   Str:       It affects your strength (+7).
   SInv:      It lets you see invisible.
   Fly:       It grants you flight.
   Contam:    It causes magical contamination when unequipped.
Armour
 q - a +0 cloak (melded)
 w - a +0 pair of boots (melded)
 I - a +0 pair of gloves (melded)
 M - a +2 hat (melded)
 T - the +2 ring mail of the Saviour (melded) {Drain rC++ rN+ MP+9}
   (You found it on level 11 of the Dungeon)

   rC:        It greatly protects you from cold.
   rN:        It protects you from negative energy.
   MP:        It affects your magic capacity (+9).
   Drain:     It drains your maximum health when unequipped.
Magical Staves
 h - a staff of cold (weapon)
 v - a staff of air
 A - a staff of conjuration
 E - a staff of poison
Jewellery
 a - the ring "Poudabri" {Int+4 SInv}
   (You took it off an orc warrior on level 2 of the Orcish Mines)

   [ring of see invisible]

   Int:       It affects your intelligence (+4).
   SInv:      It lets you see invisible.
 d - the ring "Mable" {rPois rF+}
   (You found it in a Gauntlet)

   [ring of poison resistance]

   rF:        It protects you from fire.
   rPois:     It protects you from poison.
 s - a ring of ice
 x - a ring of wizardry (right branch)
 G - a ring of resist corrosion
 L - a ring of flight
 P - a ring of magical power
 Q - a ring of wizardry (left branch)
 U - the amulet of Makhleb's Reproof (around neck) {Reflect Drain rPois rF+ Str+3 SH+5}
   (You found it on level 2 of the Lair of Beasts)

   [amulet of reflection]

   It reflects blocked missile attacks.
   Str:       It affects your strength (+3).
   rF:        It protects you from fire.
   rPois:     It protects you from poison.
   Drain:     It drains your maximum health when unequipped.
   SH:        It affects your SH (+5).
 Z - a ring of protection from fire
Wands
 o - a wand of mindburst (16)
 u - a wand of acid (35)
 D - a wand of flame (8)
 J - a wand of digging (2)
 R - a wand of iceblast (2)
Scrolls
 c - 4 scrolls of teleportation
 e - 5 scrolls of poison
 f - a scroll of butterflies
 j - 5 scrolls of amnesia
 l - 2 scrolls of identify
 m - a scroll of torment
 r - 6 scrolls of fear
 y - 9 scrolls of immolation
 z - 3 scrolls of enchant armour
 F - 2 scrolls of magic mapping
 N - a scroll of vulnerability
 V - a scroll of brand weapon
Potions
 b - 2 potions of magic
 g - a potion of resistance
 i - 5 potions of flight
 k - 2 potions of cancellation
 n - 4 potions of might
 p - 19 potions of curing
 t - 4 potions of haste
 H - a potion of invisibility
 K - 6 potions of brilliance
 S - 3 potions of attraction
 W - 2 potions of lignification
 X - 5 potions of berserk rage
 Y - 4 potions of ambrosia
Miscellaneous
 C - a condenser vane


   Skills:
 + Level 12.1 Fighting
 + Level 12.1 Short Blades
 + Level 14.7 Long Blades
 + Level 12.1 Axes
 + Level 12.1 Maces & Flails
 + Level 12.1 Polearms
 + Level 12.1 Staves
 + Level 14.6 Ranged Weapons
 + Level 12.1 Throwing
 + Level 12.1 Armour
 + Level 12.9 Dodging
 + Level 12.8 Stealth
 + Level 12.1 Shields
 + Level 13.0 Unarmed Combat
 + Level 13.0 Spellcasting
 + Level 10.2 Conjurations
 + Level 10.2 Hexes
 + Level 10.2 Summonings
 + Level 10.2 Necromancy
 + Level 10.2 Translocations
 + Level 10.2 Transmutations
 + Level 10.2 Fire Magic
 + Level 12.4 Ice Magic
 + Level 10.2 Air Magic
 + Level 10.2 Earth Magic
 + Level 10.2 Poison Magic
 + Level 13.1 Invocations
 + Level 12.1 Evocations


You had 3 spell levels left.
You knew the following spells:

 Your Spells              Type           Power      Damage    Failure   Level
a - Freeze                Ice            100%       1d11      1%          1
b - Frozen Ramparts       Ice            100%       1d16      1%          3
c - Ozocubu's Armour      Ice            78%        N/A       1%          3
d - Flame Wave            Conj/Fire      54%        2d13      1%          4
e - Summon Lightning Spi  Summ/Air       54%        N/A       1%          4
f - Olgreb's Toxic Radia  Pois           54%        N/A       1%          4
g - Lee's Rapid Deconstr  Erth           27%        3d15*     1%          5
h - Ozocubu's Refrigerat  Ice            39%        4d16      7%          7
i - Fireball              Conj/Fire      27%        3d12      1%          5
j - Ignite Poison         Fire/Tmut/Pois 54%        N/A       1%          3

Your spell library contained the following spells:

 Spells                   Type           Power      Damage    Failure   Level
 Foxfire                  Conj/Fire      100%       2x1d9     1%          1
 Necrotise                Necr           100%       1d9       1%          1
 Sting                    Tmut/Pois      100%       1d8       1%          1
 Poisonous Vapours        Pois/Air       100%       N/A       1%          2
 Conjure Flame            Conj/Fire      54%        6-21      1%          3
 Gell's Gravitas          Tloc           54%        N/A       1%          3
 Inner Flame              Hex/Fire       54%        N/A       1%          3
 Lesser Beckoning         Tloc           54%        N/A       1%          3
 Summon Guardian Golem    Hex/Summ       54%        N/A       1%          3
 Swiftness                Air            54%        N/A       1%          3
 Teleport Other           Tloc           54%        N/A       1%          3
 Animate Armour           Summ/Erth      100%       N/A       1%          4
 Hailstorm                Conj/Ice       75%        3d15      1%          4
 Leda's Liquefaction      Hex/Erth       27%        N/A       1%          4
 Petrify                  Tmut/Erth      54%        N/A       1%          4
 Sticky Flame             Conj/Fire      54%        2d7       1%          4
 Summon Ice Beast         Ice/Summ       75%        N/A       1%          4
 Blade Hands              Tmut           27%        N/A       1%          5
 Iskenderun's Battlesphe  Conj           54%        2d10      1%          5
 Manifold Assault         Tloc           54%        N/A       1%          5
 Metabolic Englaciation   Hex/Ice        37%        N/A       1%          5
 Summon Mana Viper        Hex/Summ       54%        N/A       1%          5
 Conjure Ball Lightning   Conj/Air       27%        3x3d8     3%          6
 Dispersal                Tloc           27%        N/A       3%          6
 Iron Shot                Conj/Erth      27%        9d6       3%          6
 Statue Form              Tmut/Erth      36%        N/A       3%          6
 Monstrous Menagerie      Summ           27%        N/A       16%         7
 Orb of Destruction       Conj           27%        9d9       16%         7
 Spellforged Servitor     Conj/Summ      27%        N/A       16%         7


Dungeon Overview and Level Annotations

Branches:
Dungeon (15/15)            Temple (0/1) D:6            Lair (5/5) D:10
 Shoals (4/4) Lair:2        Snake (1/4) Lair:3        Slime (0/5) Lair:5
    Orc (2/2) D:12            Elf (1/3) Orc:2        Vaults (0/5) D:14
 Depths (0/4) D:15         Bailey (visited)         Gauntlet (visited)

Altars:
Ashenzari
Dithmenos
Elyvilon
Fedhas
Gozag
Hepliaklqana
Kikubaaqudgha
Makhleb
Okawaru
Qazlal
Ru
Sif Muna
Vehumet
Wu Jian
Zin
Jiyva
Lugonu

Shops:
D:1 (   D:11 !*:   D:14 :   D:15 :   Orc:2 *[=(   Shoals:2 !

Portals:
Abyss: Lair:5

Annotations:
D:12 exclusion: obsidian statue
Shoals:3 Ilsuiw
Elf:1 5 runed translucent doors


Innate Abilities, Weirdness & Mutations

You are a tree.
Your roots penetrate the ground, keeping you stationary.
You cannot be teleported.
You are immune to unholy pain and torment.
Your maximum health is greatly increased.
Your equipment is partially melded.
((You have very sharp teeth.))
Your uncanny sense of smell can sniff out nearby items.
Your experience applies equally to all skills.


Message History

The silver javelin pierces through the ghost crab!!
The spectral harpy claws you but does no damage. x2
Okay, then.
Really quaff the potion of lignification?
You turn into a tree.
Your +0 cloak melds into your body.
Your +2 hat melds into your body.
Your +0 pair of gloves melds into your body.
Your +0 pair of boots melds into your body.
The +2 ring mail of the Saviour {Drain rC++ rN+ MP+9} melds into your body.
You feel your magic capacity decrease.
Your roots penetrate the ground.
You feel strangely stable.
The spectral harpy claws you but does no damage. x2
The tentacle slaps your butterfly!!
Your butterfly dies!
Your butterfly disappears in a burst of colours!
Ilsuiw mumbles some strange words.
Send 'em back where they came from!
Your butterfly shudders. x2
Your butterfly disappears in a burst of colours! x2
The spectral manticore bites you but does no damage.
The spectral manticore claws you but does no damage. x2
The merfolk javelineer throws a silver javelin.
The silver javelin pierces through you!
* * * LOW HITPOINT WARNING * * *
The silver sears you!
* * * LOW HITPOINT WARNING * * *
The silver javelin barely misses the spectral manticore.
The silver javelin pierces through the spectral merfolk siren!
The silver javelin pierces through the spectral merfolk!!
The spectral harpy claws you.
* * * LOW HITPOINT WARNING * * *
You feel drained.
* * * LOW HITPOINT WARNING * * *
The spectral harpy claws you.
* * * LOW HITPOINT WARNING * * *
You block the tentacle's attack.
The merfolk javelineer throws a silver javelin.
The silver javelin pierces through you!
You die...
Your body crumbles into a pile of gold.

≈~.~..........~~≈≈≈≈≈≈~P~≈ ~~~≈
~~~~~~....$...~≈≈≈≈≈~~...~ ~~≈≈≈≈
~~~~~~~...##.~~~~~≈≈~.###.
~~≈≈≈≈≈≈~~~~~~~~######~...P~.##..
~≈≈≈≈≈≈≈≈≈~~~~~~~~.≈≈##....P....~
≈≈≈≈≈≈≈≈≈≈~~~~~~~~~≈≈≈###~.....~~
≈≈≈≈≈≈≈ ≈~~~~mbm)Z.≈≈≈###...~~P~
≈≈≈≈~~~ ~~~~~m~ZbZ..≈≈# ##.~P~~~
≈b≈≈~~~ ~m~~~wm♣tZZw≈≈≈ #.~~~~~≈
≈≈≈≈~~~ ~~~~~~twZ.<.≈≈≈##.~~~~≈≈
Em≈~~~~ .~~~~w~Λ\ZΛ\.≈≈#.~~.~~~≈
b≈≈§~§m ...~~~~V\\VZ**≈≈#.~~~~~~≈
m≈≈~~~. ..~~~....\─*.Z≈≈##~~~~~≈≈
≈≈m§m~~ ~~~~~..Z.Z─*Z≈≈##~~~~~≈≈≈
≈E≈cm.~ ~~~~~....w.*≈≈≈##~~~~~≈≈≈
b≈cE... ~~~~~.....V≈≈≈##..~~~~≈≈≈
≈cc###. ~~~~~~.Zm ##~..~~~~≈≈≈


You could see Ilsuiw, 3 merfolk javelineers, 2 ghost crabs, a merfolk, 5
tentacles, 2 spectral sea snakes, 2 spectral manticores, a spectral harpy, a
spectral merfolk, a spectral merfolk siren, a spectral merfolk impaler, a
spectral merfolk aquamancer, a spectral merfolk javelineer and 2 spectral
krakens.

Vanquished Creatures
  Jorgrun (D:14)
  Gastronok (D:8)
  Polyphemus (Shoals:3)
  The ghost of groovy9 the Marksant, an adept FoHu of Hepliaklqana (Orc:2)
  Donald (Shoals:1)
  Nessos (Orc:2)
  A dire elephant (D:15)
  A minotaur (Gauntlet)
  6 merfolk impalers
  3 merfolk javelineers (Shoals:4)
  A yaktaur captain (D:14)
  2 hydras
  Harold (Orc:1)
  A boulder beetle (D:14)
  A catoblepas (Shoals:3)
  An anaconda (Snake:1)
  2 merfolk avatars
  3 merfolk aquamancers
  3 satyrs
  3 two-headed ogres
  A centaur warrior (D:13)
  5 orc high priests (Orc:2)
  6 death yaks
  A shock serpent (Snake:1)
  3 thrashing horrors (Lair:5)
  A fire crab (shapeshifter) (D:15)
  3 deep elf knights (D:13)
  2 sea snakes
  5 harpies
  7 deep elf pyromancers
  Pikel (D:6)
  10 orc knights
  11 ugly things
  5 deep elf zephyrmancers
  3 cyclopes
  7 manticores
  2 orc sorcerers (Orc:2)
  9 fauns
  2 mana vipers (Snake:1)
  Joseph (D:7)
  8 black mambas
  17 elephants
  4 water nymphs
  A torpor snail (Lair:5)
  13 cane toads
  3 rime drakes
  3 smoke demons (Lair:5)
  A gargoyle (D:13)
  Maggie (D:6)
  4 komodo dragons
  2 yaktaurs (D:14)
  8 trolls
  An ancient zyme (Lair:5)
  2 wind drakes (Shoals:4)
  A hornet (D:9)
  18 merfolk
  8 slime creatures
  12 blink frogs
  A dream sheep (Shoals:3)
  4 snapping turtles
  Sigmund (D:3)
  22 yaks
  A shadow (D:9)
  A wraith (D:12)
  A spriggan (Lair:5)
  15 water elementals
  4 fire bats (Gauntlet)
  2 hogs (D:14)
  A wyvern (D:8)
  Eustachio (D:4)
  2 basilisks
  2 steam dragons
  2 vampire mosquitoes (D:15)
  3 large abominations
  3 wargs
  2 swamp worms (Lair:2)
  9 small abominations
  A hell hound (Gauntlet)
  13 water moccasins
  26 orc warriors
  2 sky beasts
  5 black bears
  13 wolves
  An ice beast (D:8)
  6 centaurs
  12 ogres
  A phantom (D:5)
  Blork the orc (D:6)
  3 kobold brigands
  3 lemures (D:6)
  10 bullfrogs
  3 necrophages
  2 scorpions
  5 gnoll sergeants
  6 wights
  17 killer bees
  An electric eel (Lair:1)
  A howler monkey (D:8)
  3 jellies
  4 hounds
  12 orc priests
  Crazy Yiuf (D:2)
  4 iguanas
  21 orc wizards
  Ijyb (D:3)
  20 gnolls
  4 adders
  A shadow imp (D:6)
  2 white imps (D:5)
  An ufetubus (D:6)
  A worm (D:4)
  A dart slug (D:2)
  64 orcs
  8 endoplasms
  3 giant cockroaches
  10 goblins
  4 hobgoblins
  4 quokkas
  5 ball pythons
  6 bats
  4 frilled lizards
  17 kobolds
  6 rats
  6 briar patches (Lair:2)
649 creatures vanquished.

Vanquished Creatures (collateral kills)
  Kirke (D:14)
  An azure jelly (D:15)
  A merfolk javelineer (Shoals:3)
  A merfolk impaler (Shoals:3)
  A hydra (Lair:3)
  3 boulder beetles
  A two-headed ogre (D:10)
  A hell hog (Gauntlet)
  An orc high priest (Orc:2)
  Sonja (D:10)
  3 sea snakes
  A deep elf archer (D:13)
  3 orc knights
  2 harpies (Shoals:2)
  3 deep elf zephyrmancers (D:13)
  An oklob plant (Orc:1)
  5 deep elf pyromancers
  A salamander (D:15)
  A cyclops (Orc:2)
  7 manticores
  2 orc sorcerers (Orc:2)
  4 ugly things
  3 merfolk sirens
  An elephant (Lair:4)
  A faun (Shoals:3)
  A black mamba (Lair:5)
  A cane toad (Lair:4)
  2 water nymphs (Shoals:1)
  A smoke demon (Lair:5)
  2 freezing wraiths (D:15)
  2 komodo dragons (Lair:5)
  A troll (D:13)
  A polar bear (Lair:4)
  13 merfolk
  2 wind drakes
  10 blink frogs
  3 dream sheep (Shoals:3)
  2 shadows (D:12)
  A wyvern (Lair:5)
  A large abomination (Lair:5)
  2 wraiths
  4 basilisks
  2 chaos spawn (Lair:5)
  A hog (D:14)
  A swamp worm (Lair:2)
  2 water moccasins
  A hell hound (Gauntlet)
  18 orc warriors
  2 ogres
  2 wolves (Lair:5)
  A bullfrog (Lair:4)
  15 orc priests
  9 small abominations
  3 orc wizards
  2 gnolls (D:12)
  21 orcs
  A briar patch (Lair:2)
180 creatures vanquished.

Vanquished Creatures (others)
  A briar patch (Lair:2)
  35 fungi
  117 plants
  3 tentacles (Shoals:3)
  9 withered plants (Shoals:3)
165 creatures vanquished.

Grand Total: 994 creatures vanquished

Notes
Turn   | Place    | Note
-------+----------+-------------------------------------------
     0 | D:1      | juncz the Gnoll Ice Elementalist began the quest for the
                  | Orb.
     0 | D:1      | Reached XP level 1. HP: 13/13 MP: 6/6
   151 | D:1      | Found Moifrat's Weapon Shoppe.
   302 | D:1      | Reached XP level 2. HP: 19/19 MP: 5/7
   826 | D:1      | Found a faded altar of an unknown god.
  1237 | D:2      | Found a runed translucent door.
  1238 | D:2      | Noticed Crazy Yiuf
  1312 | D:2      | Reached skill level 5 in Spellcasting
  1312 | D:2      | Reached XP level 3. HP: 25/25 MP: 5/9
  1318 | D:2      | Learned a level 3 spell: Frozen Ramparts
  1322 | D:2      | Learned a level 3 spell: Ozocubu's Armour
  1418 | D:2      | Reached skill level 1 in Invocations
  1814 | D:2      | Killed Crazy Yiuf
  1815 | D:2      | Reached skill level 1 in Fighting
  1815 | D:2      | Reached skill level 1 in Short Blades
  1815 | D:2      | Reached skill level 1 in Long Blades
  1815 | D:2      | Reached skill level 1 in Axes
  1815 | D:2      | Reached skill level 1 in Maces & Flails
  1815 | D:2      | Reached skill level 1 in Polearms
  1815 | D:2      | Reached skill level 1 in Staves
  1815 | D:2      | Reached skill level 1 in Ranged Weapons
  1815 | D:2      | Reached skill level 1 in Throwing
  1815 | D:2      | Reached skill level 1 in Armour
  1815 | D:2      | Reached skill level 1 in Shields
  1815 | D:2      | Reached skill level 1 in Unarmed Combat
  1815 | D:2      | Reached skill level 1 in Evocations
  1815 | D:2      | Reached XP level 4. HP: 32/32 MP: 2/11
  1906 | D:3      | Noticed Sigmund
  2031 | D:3      | Killed Sigmund
  2032 | D:3      | Reached skill level 1 in Conjurations
  2032 | D:3      | Reached skill level 1 in Hexes
  2032 | D:3      | Reached skill level 1 in Summonings
  2032 | D:3      | Reached skill level 1 in Necromancy
  2032 | D:3      | Reached skill level 1 in Translocations
  2032 | D:3      | Reached skill level 1 in Transmutations
  2032 | D:3      | Reached skill level 1 in Fire Magic
  2032 | D:3      | Reached skill level 1 in Air Magic
  2032 | D:3      | Reached skill level 1 in Earth Magic
  2032 | D:3      | Reached skill level 1 in Poison Magic
  2032 | D:3      | Reached XP level 5. HP: 15/38 MP: 0/12
  2032 | D:3      | Reached XP level 6. HP: 17/44 MP: 0/14
  2649 | D:3      | Noticed Ijyb
  2674 | D:3      | Killed Ijyb
  2675 | D:3      | Reached skill level 5 in Dodging
  4047 | D:4      | Noticed Eustachio
  4053 | D:4      | Killed Eustachio
  4054 | D:4      | Reached XP level 7. HP: 44/51 MP: 5/15
  4194 | D:4      | Found a broken altar of Ashenzari.
  4446 | D:5      | Entered Level 5 of the Dungeon
  4686 | D:5      | Reached skill level 5 in Stealth
  4960 | D:5      | Reached XP level 8. HP: 58/58 MP: 7/16
  5211 | D:5      | Found a sacrificial altar of Ru.
  5447 | D:5      | Found an ornate altar of the Wu Jian Council.
  5645 | D:5      | Found a shadowy altar of Dithmenos.
  5645 | D:5      | Found a hazy altar of Hepliaklqana.
  5645 | D:5      | Found a white marble altar of Elyvilon.
  5695 | D:5      | Found a stormy altar of Qazlal.
  5695 | D:5      | Found a blossoming altar of Fedhas.
  6174 | D:5      | Found an iron altar of Okawaru.
  6399 | D:6      | Noticed Maggie
  6410 | D:6      | Killed Maggie
  6563 | D:6      | Found a radiant altar of Vehumet.
  6689 | D:6      | Found an ancient bone altar of Kikubaaqudgha.
  6693 | D:6      | Reached XP level 9. HP: 55/65 MP: 11/18
  6732 | D:6      | Got Kikubaaqudgha's Disquisition on Diablerie
  6751 | D:6      | Found a shimmering blue altar of Sif Muna.
  6907 | D:6      | Found an opulent altar of Gozag.
  6913 | D:6      | Became a worshipper of Gozag Ym Sagoz the Greedy
  7139 | D:6      | Identified the +10 short sword of Nightmares {speed, Str+4
                  | Dex+3}
  7239 | D:6      | Noticed Blork the orc
  7248 | D:6      | Killed Blork the orc
  7335 | D:6      | Found a staircase to the Ecumenical Temple.
  7674 | D:6      | Noticed Pikel
  7680 | D:6      | Killed Pikel
  7681 | D:6      | Reached skill level 5 in Invocations
  7908 | D:7      | Noticed Joseph
  7939 | D:7      | Killed Joseph
  8191 | D:7      | Found a flagged portal.
  8225 | Bailey   | Entered a bailey
  8491 | Bailey   | Reached skill level 5 in Fighting
  8491 | Bailey   | Reached skill level 5 in Short Blades
  8491 | Bailey   | Reached skill level 5 in Long Blades
  8491 | Bailey   | Reached skill level 5 in Axes
  8491 | Bailey   | Reached skill level 5 in Maces & Flails
  8491 | Bailey   | Reached skill level 5 in Polearms
  8491 | Bailey   | Reached skill level 5 in Staves
  8491 | Bailey   | Reached skill level 5 in Ranged Weapons
  8491 | Bailey   | Reached skill level 5 in Throwing
  8491 | Bailey   | Reached skill level 5 in Armour
  8491 | Bailey   | Reached skill level 5 in Shields
  8491 | Bailey   | Reached skill level 5 in Unarmed Combat
  8491 | Bailey   | Reached skill level 5 in Evocations
  8497 | Bailey   | Reached XP level 10. HP: 67/74 MP: 14/20
  8511 | Bailey   | Noticed an orc knight
  8520 | Bailey   | Killed an orc knight
  8851 | Bailey   | Found a large runed translucent door.
  8851 | Bailey   | Found a large runed translucent door.
  8852 | Bailey   | Noticed a deep elf zephyrmancer
  8951 | Bailey   | Killed a deep elf zephyrmancer
  8958 | Bailey   | Identified the +5 scale mail of Unambiguity {Will+ Int+3}
  9308 | D:7      | You fall into a shaft and drop 1 floor!
  9376 | D:8      | Noticed Gastronok
  9395 | D:8      | Killed Gastronok
 10509 | D:8      | Found a burning altar of Makhleb.
 10752 | D:8      | Reached skill level 5 in Conjurations
 10752 | D:8      | Reached skill level 5 in Hexes
 10752 | D:8      | Reached skill level 5 in Summonings
 10752 | D:8      | Reached skill level 5 in Necromancy
 10752 | D:8      | Reached skill level 5 in Translocations
 10752 | D:8      | Reached skill level 5 in Transmutations
 10752 | D:8      | Reached skill level 5 in Fire Magic
 10752 | D:8      | Reached skill level 5 in Air Magic
 10752 | D:8      | Reached skill level 5 in Earth Magic
 10752 | D:8      | Reached skill level 5 in Poison Magic
 10753 | D:8      | Reached XP level 11. HP: 81/81 MP: 16/22
 11665 | D:9      | Identified the +7 long sword of Terra Cotta {venom, rC+
                  | rCorr Int-5 Dex+3}
 11864 | D:9      | Learned a level 4 spell: Flame Wave
 12255 | D:10     | Entered Level 10 of the Dungeon
 12846 | D:10     | Got Sif Muna's Volume of Meteoric Displacement
 12852 | D:10     | Learned a level 4 spell: Summon Lightning Spire
 12915 | D:10     | Noticed Sonja
 12927 | D:10     | Killed Sonja
 13100 | D:10     | Found a staircase to the Lair.
 13206 | D:10     | Noticed a two-headed ogre
 13229 | D:10     | Killed a two-headed ogre
 13505 | D:11     | Found Ychabotz's Distillery.
 13508 | D:11     | Identified the +2 ring mail of the Saviour {Drain rC++ rN+
                  | MP+9}
 13565 | D:11     | Bought a potion of flight for 45 gold pieces
 13565 | D:11     | Bought a potion of mutation for 120 gold pieces
 13565 | D:11     | Bought a potion of heal wounds for 75 gold pieces
 13565 | D:11     | Bought a potion of curing for 45 gold pieces
 13565 | D:11     | Bought a potion of might for 60 gold pieces
 13720 | D:11     | Noticed a cyclops
 13771 | D:11     | Killed a cyclops
 14014 | D:11     | Noticed a two-headed ogre
 14022 | D:11     | Killed a two-headed ogre
 14030 | D:11     | Found Gumumpieho's Book Boutique.
 14040 | D:11     | Bought a Young Poisoner's Handbook for 300 gold pieces
 14317 | D:11     | Found Saxoidan's General Store.
 14327 | D:11     | Bought a potion of lignification for 48 gold pieces
 14611 | D:12     | Reached XP level 12. HP: 91/91 MP: 24/24
 15915 | D:12     | Found a staircase to the Orcish Mines.
 16515 | Lair:1   | Entered Level 1 of the Lair of Beasts
 17835 | Lair:2   | Found a transporter.
 17908 | Lair:2   | Reached XP level 13. HP: 97/98 MP: 6/26
 18161 | Lair:2   | Reached skill level 10 in Ice Magic
 18426 | Lair:2   | Found a transporter.
 18510 | Lair:2   | Found a staircase to the Shoals.
 18886 | Lair:2   | Identified the amulet of Makhleb's Reproof {Reflect Drain
                  | rPois rF+ Str+3 SH+5}
 19300 | D:11     | Bought a manual of Long Blades for 1200 gold pieces
 19698 | Lair:2   | Learned a level 4 spell: Olgreb's Toxic Radiance
 19797 | Lair:3   | Identified the +9 rapier of Doors {vorpal, rPois rF++ rC-
                  | Str+4}
 20152 | Lair:3   | Reached skill level 10 in Spellcasting
 20381 | D:11     | Bought a manual of Ranged Weapons for 1200 gold pieces
 20636 | Lair:3   | Found a staircase to the Snake Pit.
 21298 | Lair:4   | Reached skill level 10 in Dodging
 21603 | Lair:4   | Found a sacrificial altar of Ru.
 22176 | Lair:4   | Reached skill level 10 in Stealth
 22381 | Lair:4   | Reached skill level 10 in Invocations
 22381 | Lair:4   | Reached XP level 14. HP: 83/108 MP: 23/28
 23174 | Lair:5   | Entered Level 5 of the Lair of Beasts
 23189 | Lair:5   | Reached skill level 10 in Long Blades
 23203 | Lair:5   | Identified the +0 robe of the Other World {rN+ Str+3 SInv}
 23616 | Lair:5   | Reached skill level 10 in Ranged Weapons
 24441 | Lair:5   | Found the dreamshard necklace {*Dream Drain}
 24915 | Lair:5   | Found a corrupted altar of Lugonu.
 24915 | Lair:5   | Found a one-way gate to the infinite horrors of the Abyss.
 24974 | Lair:5   | Found a viscous altar of Jiyva.
 25020 | Lair:5   | Found a staircase to the Slime Pits.
 25171 | Lair:5   | Identified the +4 ring mail of Ivve {Fly}
 25610 | Lair:5   | Found a sacrificial altar of Ru.
 26256 | Orc:1    | Entered Level 1 of the Orcish Mines
 26602 | Orc:1    | Noticed Harold
 26618 | Orc:1    | Killed Harold
 27262 | Orc:2    | Entered Level 2 of the Orcish Mines
 27262 | Orc:2    | Noticed Nessos
 27272 | Orc:2    | Killed Nessos
 28158 | Orc:2    | Reached skill level 10 in Fighting
 28158 | Orc:2    | Reached skill level 10 in Short Blades
 28158 | Orc:2    | Reached skill level 10 in Axes
 28158 | Orc:2    | Reached skill level 10 in Maces & Flails
 28158 | Orc:2    | Reached skill level 10 in Polearms
 28158 | Orc:2    | Reached skill level 10 in Staves
 28158 | Orc:2    | Reached skill level 10 in Throwing
 28158 | Orc:2    | Reached skill level 10 in Armour
 28158 | Orc:2    | Reached skill level 10 in Shields
 28158 | Orc:2    | Reached skill level 10 in Unarmed Combat
 28158 | Orc:2    | Reached skill level 10 in Evocations
 28202 | Orc:2    | Found a runed translucent gate.
 28203 | Orc:2    | Found a runed translucent gate.
 28205 | Orc:2    | Noticed groovy9's ghost (adept FoHu)
 28206 | Orc:2    | Identified the +1 chain mail "Damnable Contraption" {rElec
                  | rN+ Will- SInv}
 28224 | Orc:2    | Identified the ring "Poudabri" {Int+4 SInv}
 28226 | Orc:2    | Found a runed translucent gate.
 28692 | Orc:2    | Reached XP level 15. HP: 107/115 MP: 25/30
 29304 | Orc:2    | Found a staircase to the Elven Halls.
 30205 | Orc:2    | Found Tytuc's Weapon Shoppe.
 30205 | Orc:2    | Found Nemeob's Jewellery Shoppe.
 30206 | Orc:2    | Found Lofruah's Antique Armour Emporium.
 30206 | Orc:2    | Found Caqeon's General Store.
 30910 | Orc:2    | Identified the +0 helmet "Kalixar" {Contam rC+ Str+2}
 31042 | Orc:2    | Killed groovy9's ghost
 34887 | D:14     | Found a stormy altar of Qazlal.
 35230 | D:14     | Found a gate to the Vaults.
 35791 | D:14     | Noticed Jorgrun
 36273 | D:14     | Killed Jorgrun
 36617 | D:14     | Reached XP level 16. HP: 85/124 MP: 21/32
 36742 | D:14     | Noticed Kirke
 36872 | D:14     | Killed Kirke
 37193 | D:14     | Found a glowing silver altar of Zin.
 37198 | D:14     | Bought a book of the Earth for 612 gold pieces
 37204 | D:14     | Learned a level 5 spell: Lee's Rapid Deconstruction
 37335 | Snake:1  | Entered Level 1 of the Snake Pit
 38295 | Orc:2    | Bought a ring of wizardry for 390 gold pieces
 38307 | Orc:2    | Learned a level 7 spell: Ozocubu's Refrigeration
 38427 | D:15     | Entered Level 15 of the Dungeon
 38448 | D:15     | Found a gate leading to a gauntlet.
 38455 | Gauntlet | Entered a Gauntlet
 38455 | Gauntlet | Found a transporter.
 38464 | Gauntlet | Found a transporter.
 38480 | Gauntlet | Found a transporter.
 38484 | Gauntlet | Found a transporter.
 38492 | Gauntlet | Found a transporter.
 38510 | Gauntlet | Found a transporter.
 38523 | Gauntlet | Found a transporter.
 38543 | Gauntlet | Found a transporter.
 38545 | Gauntlet | Found a transporter.
 38554 | Gauntlet | Found a transporter.
 38584 | Gauntlet | Found a transporter.
 38584 | Gauntlet | Found a transporter.
 38675 | Gauntlet | Identified the ring "Mable" {rPois rF+}
 38997 | Gauntlet | Identified the +1 pair of boots "Ahet" {*Slow +Blink Int-4
                  | Stlth+}
 39281 | Gauntlet | Identified the +0 scale mail "Xebletau" {Rampage}
 39692 | D:15     | Noticed an azure jelly
 39702 | D:15     | Killed an azure jelly
 40252 | D:15     | Found Quby's Book Shop.
 40255 | D:15     | Bought an Everburning Encyclopedia for 442 gold pieces
 40255 | D:15     | Bought a book of the Spheres for 918 gold pieces
 40463 | D:15     | Learned a level 5 spell: Fireball
 40467 | D:15     | Learned a level 3 spell: Ignite Poison
 40696 | D:15     | Found a staircase to the Depths.
 41169 | Elf:1    | Entered Level 1 of the Elven Halls
 41169 | Elf:1    | Found a runed translucent gate.
 41169 | Elf:1    | Found a runed translucent gate.
 41169 | Elf:1    | Found a runed translucent gate.
 41169 | Elf:1    | Found a runed translucent gate.
 41169 | Elf:1    | Found a runed translucent gate.
 41169 | Elf:1    | Found a runed translucent gate.
 41170 | Elf:1    | Found a runed translucent door.
 41473 | Elf:1    | Found a runed translucent door.
 41651 | Shoals:1 | Entered Level 1 of the Shoals
 41653 | Shoals:1 | Noticed Donald
 41658 | Shoals:1 | Killed Donald
 42741 | Shoals:1 | Noticed a kraken
 43699 | Shoals:2 | Found Teuriog's Distillery.
 43792 | Shoals:2 | Bought a potion of heal wounds for 65 gold pieces
 43792 | Shoals:2 | Bought a potion of haste for 130 gold pieces
 43792 | Shoals:2 | Bought a potion of brilliance for 52 gold pieces
 43792 | Shoals:2 | Bought a potion of brilliance for 52 gold pieces
 43792 | Shoals:2 | Bought a potion of haste for 130 gold pieces
 44392 | Shoals:3 | Noticed Polyphemus
 44411 | Shoals:3 | Killed Polyphemus
 44688 | Shoals:3 | Reached XP level 17. HP: 72/133 MP: 17/33
 45413 | Shoals:3 | Reached skill level 10 in Conjurations
 45413 | Shoals:3 | Reached skill level 10 in Hexes
 45413 | Shoals:3 | Reached skill level 10 in Summonings
 45413 | Shoals:3 | Reached skill level 10 in Necromancy
 45413 | Shoals:3 | Reached skill level 10 in Translocations
 45413 | Shoals:3 | Reached skill level 10 in Transmutations
 45413 | Shoals:3 | Reached skill level 10 in Fire Magic
 45413 | Shoals:3 | Reached skill level 10 in Air Magic
 45413 | Shoals:3 | Reached skill level 10 in Earth Magic
 45413 | Shoals:3 | Reached skill level 10 in Poison Magic
 45956 | Shoals:3 | Noticed Ilsuiw
 46042 | Shoals:3 | Identified the +8 flail "Dokh" {vorpal, Str+5 Int+2 Dex-4}
 46769 | Shoals:4 | Entered Level 4 of the Shoals
 47545 | Shoals:4 | Identified the +8 war axe of the Grave {flame, Contam Fly
                  | Str+7 SInv}
 47624 | Shoals:3 | HP: 8/196 [spectral harpy (2)]
 47624 | Shoals:3 | Hit by a silver javelin thrown by a merfolk javelineer

Illustrated notes

Levels and vault maps discovered:
D:1:      dpeg_arrival_subterranean_lakeside_camping, layout_basic,
          serial_shops, shop_fountains, ebering_ecumenical_altar_petrified,
          minmay_unequal
D:2:      layout_basic, uniq_crazy_yiuf_cottage
D:3:      kennysheep_big_flooded_room, layout_loops_ring,
          kennysheep_big_empty_room, chequers_garden, uniq_sigmund, uniq_ijyb
D:4:      layout_gridville, nicolae_ashenzari_panopticon, uniq_eustachio
D:5:      layout_basic, okawaru_altar_gauntlet_db,
          nicolae_ru_great_annihilating_truth, minmay_overflow_temple_hex
D:6:      layout_basic, palyth_temple_overflow_mages,
          nicolae_gozag_seed_capital, minmay_temple_entry_trees,
          roderic_roman_lattice, minmay_strange_pillars, uniq_blork_the_orc,
          uniq_pikel, uniq_maggie
D:7:      layout_rooms, enter_bailey_5, uniq_joseph
D:8:      layout_cave_pools, mainiacjoe_overflow_tiny_flanked,
          hangedman_decor_growths, kennysheep_potato, uniq_gastronok
D:9:      layout_roguey
D:10:     layout_cross, lair_entry_dummy, nicolae_underground_beach, uniq_sonja
D:11:     layout_cave_pods, serial_shops, nicolae_lakefront_shop,
          nicolae_stop_n_shop_2, shop
D:12:     layout_irregular_city, kennysheep_orc_monster_closet_entryway,
          minmay_protected_statue
D:13:     minmay_elf_outpost, layout_loops_ring, serial_rivers,
          chequers_serial_rivers_small_a, chequers_serial_rivers_room_b,
          chequers_serial_rivers_micro_b, chequers_serial_rivers_marsh,
          chequers_serial_rivers_marsh
D:14:     layout_loops_ring, david_vaults_2, lemuel_coloured_pillars_altar,
          nicolae_qazlal_eye_of_the_storm, uniq_jorgrun, uniq_kirke
D:15:     hangedman_depths_entry_try_elsewhere_first, layout_loops_ring,
          portal_ice_cave_entry_frozen_things, serial_shops,
          nicolae_shop_window_shopping, hangedman_decor_lopped,
          gauntlet_entry_generic
Lair:1:   layout_cave_shapes, guppyfry_lair_drakes, grunt_megastairs_2,
          serial_bayou_shore_a
Lair:2:   gammafunk_worm_tunnel, layout_cave_pods, shoals_dummy_entry
Lair:3:   layout_roguey, minmay_snake_entry_six_corridors
Lair:4:   layout_big_grid, basic_altar, infiniplex_staircase_pool_2,
          serial_bayou_shore_b
Lair:5:   hellmonk_lair_end_abyssal_woods, layout_cave_pods, slime_entry_1,
          basic_altar
Shoals:1: layout_shoals, uniq_donald
Shoals:2: layout_shoals, serial_shops,
          nicolae_shop_temple_entry_statues_fountains
Shoals:3: layout_shoals, nicolae_shoals_spectral_cove, uniq_polyphemus,
          uniq_ilsuiw
Shoals:4: shoals_end_grunt_ice, layout_shoals, shoal_ilsuiw
Snake:1:  layout_onion_interference, minmay_shop_star
Orc:1:    layout_caves, basic_altar, mines3_lemuel, uniq_harold
Orc:2:    st_orc_pillars, layout_caves, biasface_ghost_orc_armoury, uniq_nessos
Elf:1:    nicolae_elf_arrival_dilemma, layout_loops_corners, serial_shops, shop,
          evilmike_minifort, uniq_nikola

Skill      XL: |  1  2  3  4  5  6  7  8  9 10 11 12 13 14 15 16 17 |
---------------+----------------------------------------------------+-----
Spellcasting   | 5 6 7 8 9 10 11 12 13 | 13.0
Invocations    | 1 2 3 4 5 6 7 8 10 11 12 13 | 13.1
Fighting       | 1 2 3 5 6 7 8 9 10 11 12 | 12.1
Short Blades   | 1 2 3 5 6 7 8 9 10 11 12 | 12.1
Long Blades    | 1 2 3 5 6 7 8 9 11 12 14 | 14.7
Axes           | 1 2 3 5 6 7 8 9 10 11 12 | 12.1
Maces & Flails | 1 2 3 5 6 7 8 9 10 11 12 | 12.1
Polearms       | 1 2 3 5 6 7 8 9 10 11 12 | 12.1
Staves         | 1 2 3 5 6 7 8 9 10 11 12 | 12.1
Ranged Weapons | 1 2 3 5 6 7 8 9 11 12 14 | 14.6
Throwing       | 1 2 3 5 6 7 8 9 10 11 12 | 12.1
Armour         | 1 2 3 5 6 7 8 9 10 11 12 | 12.1
Shields        | 1 2 3 5 6 7 8 9 10 11 12 | 12.1
Unarmed Combat | 1 2 3 5 6 7 8 9 10 12 13 | 13.0
Evocations     | 1 2 3 5 6 7 8 9 10 11 12 | 12.1
Conjurations   | 1 2 3 4 5 6 7 8 9 10 | 10.2
Hexes          | 1 2 3 4 5 6 7 8 9 10 | 10.2
Summonings     | 1 2 3 4 5 6 7 8 9 10 | 10.2
Necromancy     | 1 2 3 4 5 6 7 8 9 10 | 10.2
Translocations | 1 2 3 4 5 6 7 8 9 10 | 10.2
Transmutations | 1 2 3 4 5 6 7 8 9 10 | 10.2
Fire Magic     | 1 2 3 4 5 6 7 8 9 10 | 10.2
Air Magic      | 1 2 3 4 5 6 7 8 9 10 | 10.2
Earth Magic    | 1 2 3 4 5 6 7 8 9 10 | 10.2
Poison Magic   | 1 2 3 4 5 6 7 8 9 10 | 10.2
Dodging        | 5 6 7 8 9 10 11 12 | 12.9
Stealth        | 5 6 7 8 9 10 11 12 | 12.8
Ice Magic      | 8 9 10 11 12 | 12.4

Action                   |  1- 3 |  4- 6 |  7- 9 | 10-12 | 13-15 | 16-18 || total
-------------------------+-------+-------+-------+-------+-------+-------++-------
Melee: Unarmed           |     1 |       |       |       |       |       ||     1
       Staff             |       |     2 |    11 |       |       |       ||    13
       Short sword       |       |       |    25 |   176 |   332 |   158 ||   691
       Bite              |       |       |     4 |    29 |    60 |    19 ||   112
       Punch             |       |       |       |     6 |    23 |    13 ||    42
Throw: Stone             |     9 |    13 |    11 |    24 |    37 |       ||    94
       Dart              |       |       |     5 |     7 |     3 |       ||    15
 Cast: Freeze            |    30 |    18 |    76 |   169 |   195 |    53 ||   541
       Frozen Ramparts   |     4 |    17 |    43 |    84 |   112 |    47 ||   307
       Ozocubu's Armour  |     1 |     5 |    14 |    44 |    48 |    30 ||   142
       Summon Lightning  |       |       |       |    15 |   152 |   107 ||   274
       Flame Wave        |       |       |       |     1 |     9 |     2 ||    12
       Olgreb's Toxic Ra |       |       |       |       |    70 |    54 ||   124
       Fireball          |       |       |       |       |       |    22 ||    22
       Ignite Poison     |       |       |       |       |       |    16 ||    16
       Lee's Rapid Decon |       |       |       |       |       |     6 ||     6
       Ozocubu's Refrige |       |       |       |       |       |    24 ||    24
Invok: Potion Petition   |       |       |       |       |       |     2 ||     2
       Call Merchant     |       |       |       |       |       |     1 ||     1
Evoke: Wand              |       |       |     2 |     7 |     2 |     3 ||    14
       Condenser vane    |       |       |       |       |       |     1 ||     1
  Use: Scroll            |       |       |       |    12 |    11 |    11 ||    34
       Potion            |       |       |       |       |     7 |     5 ||    12
 Stab: Sleeping          |       |       |     1 |       |       |       ||     1
       Distracted        |       |       |       |       |     6 |     1 ||     7
       Invisible         |       |       |       |       |       |     2 ||     2
Armor: Robe              |     4 |     1 |    36 |    37 |       |       ||    78
       Ring mail         |       |       |       |    61 |   160 |    97 ||   318
       Skin              |       |       |       |       |       |     5 ||     5
Dodge: Dodged            |    12 |     6 |    73 |   161 |   297 |   212 ||   761
Block: Other             |       |     2 |    19 |    60 |    92 |    56 ||   229
       Reflection        |       |     2 |     2 |     2 |    13 |     5 ||    24
